APP
PULASKI YANKEES @ KINGSPORT METS
08/16/2099
 
TOP OF THE 1ST
Pulaski Yankees batting - Pitching for Kingsport Mets : RHP Francisco Lozano
Pitching: RHP Francisco Lozano
Batting: SHB Andre Wills 0-0: Ball
1-0: Ball
2-0: Called Strike
2-1: SINGLE (Groundball, 23, EV 64.4 MPH) (infield hit)
Batting: RHB Josiah Berry 0-0: Called Strike
0-1: Ball
1-1: Called Strike
1-2: Fielders Choice at 2nd, 4-6 (Groundball, 4, EV 92.5 MPH)
Batting: LHB Matthew Carner 0-0: Ball
Wild Pitch!
Josiah Berry to second
1-0: Ball
2-0: Ball
3-0: Called Strike
3-1: Foul Ball, location: 25F
3-2: 2-RUN HOME RUN (Flyball, 9D, EV 101.9 MPH), Distance : 380 ft
Batting: LHB Jim Lohnes 0-0: Called Strike
0-1: Ball
1-1: Foul Ball, location: 2F
1-2: Foul Ball, location: 2F
1-2: Ball
2-2: Foul Ball, location: 2F
2-2: Ball
3-2: Fly out, F7 (Flyball, 7LS, EV 86.9 MPH)
Batting: RHB Mike Fritz 0-0: Ball
1-0: Swinging Strike
1-1: Called Strike
1-2: Ball
2-2: Ball
3-2: SOLO HOME RUN (Flyball, 9LD, EV 96.3 MPH), Distance : 337 ft
Batting: RHB Cody Gallagher 0-0: Called Strike
0-1: Foul Ball, location: 2F
0-2: Ground out 5-3 (Groundball, 56S, EV 81.3 MPH)
Top of the 1st over - 3 runs, 3 hits, 0 errors, 0 left on base; Pulaski 3 - Kingsport 0
BOTTOM OF THE 1ST
Kingsport Mets batting - Pitching for Pulaski Yankees : RHP Alan Coldiron
Pitching: RHP Alan Coldiron
Batting: RHB Bob Bell 0-0: Ball
1-0: Ground out 6-3 (Groundball, 6, EV 110.6 MPH)
Batting: LHB Cesar Islas 0-0: Swinging Strike
0-1: Ball
1-1: Called Strike
1-2: Foul Ball, location: 2F
1-2: Ball
2-2: Ball
3-2: Strikes out looking
Batting: RHB Will Haugen 0-0: Called Strike
0-1: SINGLE (Line Drive, 9LS, EV 78.1 MPH)
Batting: RHB Tony Arredondo 0-0: Foul Ball, location: 23F
0-1: Ball
1-1: Foul Ball, location: 23F
1-2: Foul Ball, location: 2F
1-2: Ball
2-2: Foul Ball, location: 3FF
2-2: Ball
3-2: DOUBLE (Flyball, 78XD, EV 102.5 MPH)
Will Haugen to third
Will Haugen scores
Batting: RHB Ryan Scott 0-0: Ground out 4-3 (Groundball, 4, EV 96.3 MPH)
Bottom of the 1st over - 1 run, 2 hits, 0 errors, 1 left on base; Pulaski 3 - Kingsport 1
TOP OF THE 2ND
Pulaski Yankees batting - Pitching for Kingsport Mets : RHP Francisco Lozano
Batting: RHB Jim Taylor 0-0: Called Strike
0-1: Called Strike
0-2: Ground out 6-3 (Groundball, 56, EV 104.4 MPH)
Batting: RHB Joel Schwegman 0-0: Ball
1-0: Ball
2-0: Called Strike
2-1: Ball
3-1: Ground out 3-1 (Groundball, 34S, EV 77.5 MPH)
Batting: RHB Mike Olson 0-0: Called Strike
0-1: Foul Ball, location: 5FF
0-2: Foul Ball, location: 2F
0-2: Ball
1-2: Ball
2-2: Ball
3-2: SINGLE (Line Drive, 6D, EV 102.5 MPH)
Batting: SHB Andre Wills 0-0: Ball
1-0: Ball
2-0: Ball
3-0: Called Strike
3-1: Base on Balls
Mike Olson to second
Batting: RHB Josiah Berry 0-0: Ball
1-0: Fielders Choice at 2nd, U4 (Groundball, 4M, EV 91.9 MPH)
Top of the 2nd over - 0 runs, 1 hit, 0 errors, 2 left on base; Pulaski 3 - Kingsport 1
BOTTOM OF THE 2ND
Kingsport Mets batting - Pitching for Pulaski Yankees : RHP Alan Coldiron
Batting: RHB Omar Rios 0-0: DOUBLE (Line Drive, 9LM, EV 97.5 MPH)
Batting: SHB Javy Andrade 0-0: Ball
1-0: Ball
2-0: Ground out 4-3 (Groundball, 4M, EV 88.8 MPH)
Omar Rios to third
Batting: LHB Hector Carranco 0-0: Ball
1-0: Ball
2-0: Ball
3-0: Called Strike
3-1: Foul Ball, location: 7LSF
3-2: Base on Balls
Batting: RHB John Strauss 0-0: Ball
1-0: Grounds into double play, 4-6-3 (Groundball, 4, EV 80.0 MPH)
Bottom of the 2nd over - 0 runs, 1 hit, 0 errors, 1 left on base; Pulaski 3 - Kingsport 1
TOP OF THE 3RD
Pulaski Yankees batting - Pitching for Kingsport Mets : RHP Francisco Lozano
Batting: LHB Matthew Carner 0-0: Called Strike
0-1: Ball
1-1: Ground out 4-3 (Groundball, 4, EV 86.3 MPH)
Batting: LHB Jim Lohnes 0-0: Ground out 1-3 (Groundball, 15, EV 65.6 MPH)
Batting: RHB Mike Fritz 0-0: Ball
1-0: Foul Ball, location: 7LSF
1-1: Ball
2-1: Swinging Strike
2-2: Foul Ball, location: 5F
2-2: Strikes out swinging
Top of the 3rd over - 0 runs, 0 hits, 0 errors, 0 left on base; Pulaski 3 - Kingsport 1
BOTTOM OF THE 3RD
Kingsport Mets batting - Pitching for Pulaski Yankees : RHP Alan Coldiron
Batting: RHB Bob Bell 0-0: Ground out 4-3 (Groundball, 4S, EV 85.6 MPH)
Batting: LHB Cesar Islas 0-0: Called Strike
0-1: Ball
1-1: Foul Ball, location: 3DF
1-2: DOUBLE (Groundball, 3L, EV 110.0 MPH)
Batting: RHB Will Haugen 0-0: Called Strike
0-1: Ball
1-1: Ball
2-1: Ball
3-1: Foul Ball, location: 3F
3-2: SINGLE (Line Drive, 6MD, EV 108.1 MPH)
Cesar Islas to third
Batting: RHB Tony Arredondo 0-0: Ball
Will Haugen steals 2nd base
1-0: SINGLE (Groundball, 4MS, EV 68.8 MPH) (infield hit)
Cesar Islas scores
Will Haugen to third
Batting: RHB Ryan Scott 0-0: Foul Ball, location: 3F
0-1: Called Strike
0-2: Ball
1-2: Strikes out swinging
Batting: RHB Omar Rios 0-0: Called Strike
0-1: Ball
1-1: Ball
2-1: Ball
3-1: Swinging Strike
3-2: Fly out, F9 (Line Drive, 89M, EV 88.8 MPH)
Bottom of the 3rd over - 1 run, 3 hits, 0 errors, 2 left on base; Pulaski 3 - Kingsport 2
TOP OF THE 4TH
Pulaski Yankees batting - Pitching for Kingsport Mets : RHP Francisco Lozano
Batting: RHB Cody Gallagher 0-0: SINGLE (Line Drive, 9S, EV 103.8 MPH)
Batting: RHB Jim Taylor 0-0: Called Strike
0-1: Foul Ball, location: 2F
0-2: Ball
1-2: Ball
2-2: Ball
3-2: Foul Ball, location: 5F
3-2: Fly out, F8 (Flyball, 8RM, EV 80.0 MPH)
Batting: RHB Joel Schwegman 0-0: Ball
1-0: Ball
2-0: Called Strike
2-1: Swinging Strike
2-2: Ball
3-2: Base on Balls
Cody Gallagher to second
Batting: RHB Mike Olson 0-0: Foul Ball, location: 2F
0-1: Ball
1-1: Foul Ball, location: 5SF
1-2: Strikes out looking
Batting: SHB Andre Wills 0-0: Called Strike
0-1: Foul Ball, location: 7LMF
0-2: Strikes out looking
Top of the 4th over - 0 runs, 1 hit, 0 errors, 2 left on base; Pulaski 3 - Kingsport 2
BOTTOM OF THE 4TH
Kingsport Mets batting - Pitching for Pulaski Yankees : RHP Alan Coldiron
Batting: SHB Javy Andrade 0-0: Called Strike
0-1: Foul Ball, location: 25F
0-2: Ball
1-2: Foul Ball, location: 23FF
1-2: Ball
2-2: Foul Ball, location: 7LMF
2-2: Strikes out swinging
Batting: LHB Hector Carranco 0-0: Called Strike
0-1: Ball
1-1: Ball
2-1: Ground out 3-1 (Groundball, 34, EV 99.4 MPH)
Batting: RHB John Strauss 0-0: Swinging Strike
0-1: Ball
1-1: Foul Ball, location: 2F
1-2: Foul Ball, location: 23FF
1-2: Fly out, F9 (Flyball, 9, EV 86.9 MPH)
Bottom of the 4th over - 0 runs, 0 hits, 0 errors, 0 left on base; Pulaski 3 - Kingsport 2
TOP OF THE 5TH
Pulaski Yankees batting - Pitching for Kingsport Mets : RHP Francisco Lozano
Batting: RHB Josiah Berry 0-0: Swinging Strike
0-1: Called Strike
0-2: Ground out 5-3 (Groundball, 25, EV 81.9 MPH)
Pitching: RHP Wayne Abresch
Batting: LHB Matthew Carner 0-0: Swinging Strike
0-1: Foul Ball, location: 2F
0-2: Ball
1-2: Strikes out swinging
Batting: LHB Jim Lohnes 0-0: Ball
1-0: Swinging Strike
1-1: Swinging Strike
1-2: Ball
2-2: Ball
3-2: Strikes out swinging
Top of the 5th over - 0 runs, 0 hits, 0 errors, 0 left on base; Pulaski 3 - Kingsport 2
BOTTOM OF THE 5TH
Kingsport Mets batting - Pitching for Pulaski Yankees : RHP Alan Coldiron
Batting: RHB Bob Bell 0-0: Ground out 5-3 (Groundball, 56, EV 108.8 MPH)
Batting: LHB Cesar Islas 0-0: Ball
1-0: Ball
2-0: Called Strike
2-1: Fly out, F8 (Flyball, 89M, EV 88.8 MPH)
Batting: RHB Will Haugen 0-0: Foul Ball, location: 25F
0-1: Ball
1-1: Ball
2-1: Hit by Pitch
Pitching: RHP Miguel Lepe
Batting: RHB Tony Arredondo 0-0: Foul Ball, location: 5DF
0-1: Foul Ball, location: 3DF
0-2: Ball
1-2: Fly out, F8 (Flyball, 8RD, EV 74.4 MPH)
Bottom of the 5th over - 0 runs, 0 hits, 0 errors, 1 left on base; Pulaski 3 - Kingsport 2
TOP OF THE 6TH
Pulaski Yankees batting - Pitching for Kingsport Mets : RHP Wayne Abresch
Batting: RHB Mike Fritz 0-0: SINGLE (Line Drive, 8LS, EV 101.9 MPH)
Batting: RHB Cody Gallagher 0-0: Ball
1-0: Bunted foul
1-1: Swinging Strike
1-2: Fly out, F7 (Flyball, 78S, EV 91.9 MPH)
Batting: RHB Jim Taylor 0-0: Swinging Strike
0-1: Swinging Strike
0-2: Strikes out swinging
Pinch Hitting: SHB Mike Singley 0-0: Ball
1-0: Ball
2-0: Called Strike
2-1: SINGLE (Line Drive, 78M, EV 90.6 MPH)
Mike Fritz to second
Pitching: LHP Ron Caren
Batting: RHB Mike Olson 0-0: Ball
1-0: Swinging Strike
1-1: Ball
2-1: Ball
3-1: Base on Balls
Mike Fritz to third
Mike Singley to second
Batting: SHB Andre Wills 0-0: Ball
1-0: DOUBLE (Flyball, 8LXD, EV 97.5 MPH)
Mike Fritz scores
Mike Singley scores
Mike Olson to third
Runner from 3rd tries for Home, SAFE, throw by CF to home
Batting: RHB Josiah Berry 0-0: Ball
1-0: Ball
2-0: Ground out 6-3 (Groundball, 6, EV 87.5 MPH)
Top of the 6th over - 3 runs, 3 hits, 0 errors, 1 left on base; Pulaski 6 - Kingsport 2
BOTTOM OF THE 6TH
Kingsport Mets batting - Pitching for Pulaski Yankees : RHP Miguel Lepe
Now at 2B: Jim Unknown
Batting: RHB Ryan Scott 0-0: Ball
1-0: Ball
2-0: SINGLE (Groundball, 56, EV 101.3 MPH)
Batting: RHB Omar Rios 0-0: Ball
1-0: Swinging Strike
1-1: Ball
2-1: Foul Ball, location: 2F
2-2: Foul Ball, location: 9LMF
2-2: Grounds into double play, 6-4-3 (Groundball, 6, EV 81.9 MPH)
Batting: SHB Javy Andrade 0-0: Ball
1-0: Ball
2-0: Called Strike
2-1: SINGLE (Line Drive, 5D, EV 96.3 MPH)
Batting: LHB Hector Carranco 0-0: Called Strike
0-1: Ball
1-1: Foul Ball, location: 7LSF
1-2: Strikes out swinging
Bottom of the 6th over - 0 runs, 2 hits, 0 errors, 1 left on base; Pulaski 6 - Kingsport 2
TOP OF THE 7TH
Pulaski Yankees batting - Pitching for Kingsport Mets : LHP Ron Caren
Pitching: LHP Mike Miller
Batting: LHB Matthew Carner 0-0: Called Strike
0-1: Swinging Strike
0-2: Ball
1-2: Foul Ball, location: 2F
1-2: Strikes out swinging
Batting: LHB Jim Lohnes 0-0: Called Strike
0-1: Ball
1-1: Fly out, F7 (Flyball, 78M, EV 85.0 MPH)
Batting: RHB Mike Fritz 0-0: Ball
1-0: Foul Ball, location: 2F
1-1: SINGLE (Flyball, 89S, EV 87.5 MPH)
Batting: RHB Cody Gallagher 0-0: Ball
1-0: Ball
2-0: Ball
3-0: Called Strike
3-1: Called Strike
3-2: Foul Ball, location: 9LDF
3-2: SINGLE (Groundball, 34D, EV 105.6 MPH)
Mike Fritz to second
Mike Fritz to third
Pitching: RHP Mike Crytzer
Batting: RHB Jim Taylor 0-0: Ball
1-0: Foul Ball, location: 9LMF
1-1: Fly out, F8 (Flyball, 8LM, EV 93.8 MPH)
Top of the 7th over - 0 runs, 2 hits, 0 errors, 2 left on base; Pulaski 6 - Kingsport 2
BOTTOM OF THE 7TH
Kingsport Mets batting - Pitching for Pulaski Yankees : RHP Miguel Lepe
Pitching: RHP Jim Creppel
Batting: RHB Mike Peetz 0-0: SINGLE (Line Drive, 78M, EV 103.1 MPH)
Batting: RHB Bob Bell 0-0: Fly out, F8 (Flyball, 8RXD, EV 101.9 MPH)
Batting: LHB Cesar Islas 0-0: Called Strike
0-1: Ball
1-1: SINGLE (Groundball, 34D, EV 97.5 MPH)
Mike Peetz to second
Runner from 2nd tries for 3rd, SAFE, no throw by RF
DELAY Rain delay of 19 minutes in the 7th inning.
Batting: RHB Will Haugen 0-0: Foul Ball, location: 9LSF
0-1: Ball
1-1: SINGLE (Line Drive, 4M, EV 103.8 MPH)
Mike Peetz scores
Cesar Islas to second
Batting: RHB Tony Arredondo 0-0: Ball
1-0: Called Strike
1-1: Ball
2-1: Foul Ball, location: 5DF
2-2: Fly out, F8 (Flyball, 8LD, EV 104.4 MPH)
Batting: RHB Ryan Scott 0-0: Ball
1-0: Called Strike
1-1: Fly out, F8 (Flyball, 8RXD, EV 107.5 MPH)
Bottom of the 7th over - 1 run, 3 hits, 0 errors, 2 left on base; Pulaski 6 - Kingsport 3
TOP OF THE 8TH
Pulaski Yankees batting - Pitching for Kingsport Mets : RHP Mike Crytzer
Batting: LHB Jim Unknown 0-0: Called Strike
0-1: Ball
1-1: Ball
2-1: Ball
3-1: Fly out, F6 (Popup, 6MD, EV 45.6 MPH)
Batting: RHB Mike Olson 0-0: Ball
1-0: Called Strike
1-1: Foul Ball, location: 3FF
1-2: Fly out, F7 (Flyball, 78M, EV 98.8 MPH)
Batting: SHB Andre Wills 0-0: Swinging Strike
0-1: Ground out 1-3 (Groundball, 13S, EV 71.9 MPH)
Top of the 8th over - 0 runs, 0 hits, 0 errors, 0 left on base; Pulaski 6 - Kingsport 3
BOTTOM OF THE 8TH
Kingsport Mets batting - Pitching for Pulaski Yankees : RHP Jim Creppel
Pitching: RHP Milt Bradley
Batting: RHB Omar Rios 0-0: Called Strike
0-1: Swinging Strike
0-2: Strikes out swinging
Batting: SHB Javy Andrade 0-0: Called Strike
0-1: Fly out, F8 (Flyball, 89D, EV 104.4 MPH)
Batting: LHB Hector Carranco 0-0: Fly out, F8 (Flyball, 8RD, EV 103.1 MPH)
Bottom of the 8th over - 0 runs, 0 hits, 0 errors, 0 left on base; Pulaski 6 - Kingsport 3
TOP OF THE 9TH
Pulaski Yankees batting - Pitching for Kingsport Mets : RHP Mike Crytzer
Batting: RHB Josiah Berry 0-0: Called Strike
0-1: Called Strike
0-2: Fly out, F3 (Popup, 3SF, EV 68.8 MPH)
Batting: LHB Matthew Carner 0-0: Foul Ball, location: 2F
0-1: Ball
1-1: Ball
2-1: Swinging Strike
2-2: Foul Ball, location: 25F
2-2: Strikes out swinging
Batting: LHB Jim Lohnes 0-0: Foul Ball, location: 2F
0-1: Foul Ball, location: 2F
0-2: Foul Ball, location: 7LSF
0-2: Ball
1-2: Ball
2-2: Ball
3-2: Foul Ball, location: 7LSF
3-2: Base on Balls
Batting: RHB Mike Fritz 0-0: Ball
1-0: Swinging Strike
1-1: SINGLE (Line Drive, 78M, EV 90.0 MPH)
Jim Lohnes to second
Batting: RHB Cody Gallagher 0-0: Ball
1-0: Swinging Strike
1-1: Ball
2-1: Called Strike
2-2: Ball
3-2: Strikes out swinging
Top of the 9th over - 0 runs, 1 hit, 0 errors, 2 left on base; Pulaski 6 - Kingsport 3
BOTTOM OF THE 9TH
Kingsport Mets batting - Pitching for Pulaski Yankees : RHP Milt Bradley
Batting: RHB Mike Peetz 0-0: Fly out, F9 (Line Drive, 9D, EV 100.6 MPH)
Batting: RHB Bob Bell 0-0: Ball
1-0: Ball
2-0: Foul Ball, location: 2F
2-1: Foul Ball, location: 3SF
2-2: Foul Ball, location: 2F
2-2: Fly out, F3 (Popup, 3F, EV 58.8 MPH)
Batting: LHB Cesar Islas 0-0: Swinging Strike
0-1: Ball
1-1: Ball
2-1: Foul Ball, location: 3FF
2-2: Strikes out swinging
Bottom of the 9th over - 0 runs, 0 hits, 0 errors, 0 left on base; Pulaski 6 - Kingsport 3
Tuesday, May 14th , 2024 - OOTP Baseball 24.11 Build 85